 Dungeon Crawl Stone Soup version 0.30-a0-777-ga9a30cbeda (webtiles) character file.

Game seed: 9148176651406381841

131 mopl the Magician (level 5, -2/31 HPs)
             Began as an Octopode Hedge Wizard on Feb 13, 2023.
             Was an Initiate of Vehumet.
             Slain by an orc wizard
             ... wielding a +0 dagger
              (4 damage)
             ... on level 3 of the Dungeon.
             The game lasted 00:03:01 (1809 turns).

mopl the Magician (Octopode Hedge Wizard)           Turns: 1809, Time: 00:03:01

Health: -2/31      AC:  1    Str: 10    XL:     5   Next: 14%
Magic:  7/10       EV: 13    Int: 18    God:    Vehumet [......]
Gold:   106        SH:  0    Dex: 11    Spells: 5/11 levels left

rFire   . . .      SeeInvis .    a - +1 dagger (venom)
rCold   . . .      Faith    .    (no shield)
rNeg    + . .      Spirit   .    b - +0 hat
rPois   .          Reflect  .    (no amulet)
rElec   .          Harm     .    p - ring of positive energy
rCorr   .          Rampage  .    (no ring)
Will    .....                    (no ring)
Stlth   +++                      (no ring)
HPRegen 0.25/turn                (no ring)
MPRegen 0.12/turn                (no ring)
                                 (no ring)
                                 (no ring)

@: very slightly contaminated
A: almost no armour, amphibious, 8 rings, camouflage 1, gelatinous body 1,
(nimble swimmer 1), tentacles
a: Renounce Religion


You were on level 3 of the Dungeon.
You worshipped Vehumet.
Vehumet was noncommittal.
You visited 1 branch of the dungeon, and saw 3 of its levels.

You collected 106 gold pieces.

Inventory:

Hand Weapons
 a - a +1 dagger of venom (weapon)
Missiles
 g - 7 poisoned darts
 n - a throwing net
Armour
 b - a +0 hat (worn)
Jewellery
 p - a ring of positive energy (left tentacle)
Scrolls
 d - 2 scrolls of amnesia {unknown}
 e - a scroll of teleportation {unknown}
 i - a scroll of vulnerability {unknown}
 j - 2 scrolls of identify {unknown}
 k - a scroll of magic mapping {unknown}
Potions
 c - 2 potions of magic
 f - 2 potions of degeneration {unknown}
 h - 2 potions of heal wounds {unknown}
 l - 4 potions of curing
 m - a potion of invisibility {unknown}
 o - 2 potions of flight {unknown}


   Skills:
 - Level 2.0 Dodging
 - Level 2.6 Stealth
 + Level 3.8 Spellcasting
 + Level 2.7 Conjurations
 - Level 1.0 Summonings
 + Level 2.6 Translocations
 + Level 1.3 Poison Magic


You had 5 spell levels left.
You knew the following spells:

 Your Spells              Type           Power      Damage    Failure   Level
a - Magic Dart            Conj           52%        1d5       4%          1
d - Mephitic Cloud        Conj/Pois/Air  8%         N/A       26%         3
e - Blink                 Tloc           26%        N/A       8%          2

Your spell library contained the following spells:

 Spells                   Type           Power      Damage    Failure   Level
 Slow                     Hex            12%        N/A       16%         1
 Call Imp                 Summ           7%         N/A       16%         2
 Cigotuvi's Dreadful Rot  Necr/Pois/Air  10%        N/A       19%         2
 Ozocubu's Armour         Ice            3%         N/A       41%         3
 Ozocubu's Refrigeration  Ice            1%         4d7       100%        7


Dungeon Overview and Level Annotations

Branches:
Dungeon (3/15)

Altars:
Vehumet

Shops:
D:1 =


Innate Abilities, Weirdness & Mutations

You cannot wear most types of armour.
You are amphibious.
You can wear up to eight rings at the same time.
Your skin changes colour to match your surroundings (Stealth+).
Your rubbery body absorbs attacks. (AC +1, EV +1)
((You are camouflaged when in or above water. (Stealth+)))
You have tentacles for arms and can constrict up to eight enemies at once.


Message History

The hobgoblin is engulfed in noxious fumes.
The hobgoblin appears confused.
The hobgoblin hits you.
Unknown command.
You barely miss the hobgoblin. You squeeze the hobgoblin.
You kill the hobgoblin!
Vehumet accepts your kill.
You are engulfed in noxious fumes.
You choke on the stench!
You are more confused.
Unknown command.
You bump into the rock wall.
You are engulfed in noxious fumes.
You choke on the stench!
You are more confused.
The orc throws a boomerang.
The boomerang hits you.
You're too confused to move!
You are engulfed in noxious fumes.
You choke on the stench!
You are more confused.
The orc throws a boomerang.
The boomerang hits you.
* * * LOW HITPOINT WARNING * * *
It was a potion of curing.
You feel better. The orc wizard barely misses you.
You hit the orc wizard.
The orc wizard is poisoned.
Your grab misses the orc wizard. Your squeeze misses the orc wizard.
The orc wizard is lightly wounded.
The orc wizard gestures at you while chanting.
The puff of flame hits you!
* * * LOW HITPOINT WARNING * * *
You closely miss the orc wizard. You grab the orc wizard.
The orc wizard is moderately wounded.
You constrict the orc wizard.
The orc wizard hits you with a +0 dagger.
* * * LOW HITPOINT WARNING * * *
Casting: Mephitic Cloud (quite dangerous; 26% risk of failure)
Confirm with . or Enter, or press ? or * to list all spells.
Aiming: Magic Dart (safe; 4% risk of failure)
Press: ? - help, Shift-Dir - straight line, f - orc wizard
Aim: an orc wizard, wielding a +0 dagger and wearing a +0 robe (heavily wounded, constricted by you, very poisoned, 100% to hit)
You miscast Magic Dart.
You are very lightly contaminated with residual magic.
Nothing appears to happen.
You constrict the orc wizard.
The orc wizard hits you with a +0 dagger.
You die...

#†# ##.# #..#.#
#)# ... .....
#.# #.# ...# #.
#.# #.##...#...
#<# #.........#
#.# #.........#
#†# #o........#
#.# #o##...#...
#.# #@##.......
#.# #..#...####
#.# ###'#####
#.# ##.....##
#.# #.......#
#.######.......#
#......'..._...+
#####..#.......#
####.......#


You could see an orc wizard (very poisoned) and an orc.

Vanquished Creatures
  2 gnolls (D:1)
  4 adders (D:2)
  5 worms (D:2)
  A dart slug (D:1)
  An orc (D:3)
  4 bats
  5 endoplasms
  2 giant cockroaches (D:1)
  5 goblins
  3 hobgoblins
  3 jackals (D:1)
  4 quokkas
  10 ball pythons
  3 frilled lizards
  A kobold (D:1)
  6 rats
59 creatures vanquished.

Notes
Turn   | Place    | Note
-------+----------+-------------------------------------------
     0 | D:1      | mopl the Octopode Hedge Wizard began the quest for the Orb.
     0 | D:1      | Reached XP level 1. HP: 11/11 MP: 4/4
   162 | D:1      | Reached XP level 2. HP: 17/17 MP: 6/6
   165 | D:1      | Learned a level 2 spell: Blink
   256 | D:1      | Reached XP level 3. HP: 5/21 MP: 4/7
   354 | D:1      | Found Kyll's Jewellery Emporium.
   360 | D:1      | Reached skill level 2 in Translocations
   493 | D:1      | Reached skill level 2 in Conjurations
   790 | D:2      | Reached XP level 4. HP: 27/27 MP: 3/9
   794 | D:2      | Learned a level 3 spell: Mephitic Cloud
  1279 | D:2      | Reached skill level 1 in Poison Magic
  1333 | D:2      | Reached XP level 5. HP: 29/31 MP: 10/10
  1764 | D:3      | Found a radiant altar of Vehumet.
  1780 | D:3      | Became a worshipper of Vehumet
  1809 | D:3      | Slain by an orc wizard

Illustrated notes

Levels and vault maps discovered:
D:1:      ncdulo_watergridlock, layout_loops_ring, serial_shops,
          nicolae_shop_waterfront
D:2:      layout_loops_corners, hangedman_feature_mirror
D:3:      layout_loops_ring, nicolae_vehumet_altar_sigil,
          nicolae_overflow_ecumenical_swirl, nicolae_gozag_zags_fifth_avenue,
          serial_shops, nicolae_shop_window_shopping, uniq_sigmund

Skill      XL: |  1  2  3  4 |
---------------+-------------+-----
Translocations | 2 |  2.6
Conjurations   | 2 |  2.7
Poison Magic   | 1 |  1.3
Dodging        | |  2.0
Stealth        | |  2.6
Spellcasting   | |  3.8
Summonings     | |  1.0

Action                     |  1- 3 |  4- 6 || total
---------------------------+-------+-------++-------
  Melee: Dagger            |    65 |    67 ||   132
         Constrict         |    15 |    14 ||    29
         Tentacles         |    12 |    12 ||    24
         Punch             |     2 |     1 ||     3
   Cast: Magic Dart        |    14 |    24 ||    38
         Mephitic Cloud    |       |     1 ||     1
    Use: Potion            |       |     1 ||     1
   Stab: Sleeping          |     9 |     6 ||    15
 Armour: Skin              |     4 |     8 ||    12
  Dodge: Dodged            |    34 |    33 ||    67

Table legend: (Time is in decaauts)
 A = Elapsed time spent in this place.
 B = Non-inter-level travel time spent in this place.
 C = Inter-level travel time spent in this place.
 D = Time resting spent in this place.
 E = Time spent auto-exploring this place.
 F = Levels seen in this place.
 G = Mean time per level.
                   A        B        C        D        E       F      G
               +--------+--------+--------+--------+--------+-----+--------+
         Total |   1807 |   1770 |     37 |    207 |   1150 |   3 |  602.3 |
       Dungeon |   1807 |   1770 |     37 |    207 |   1150 |   3 |  602.3 |
               +--------+--------+--------+--------+--------+-----+--------+

Top non-repeatable levels by time:
     D:2: 963 daAuts
     D:1: 764 daAuts
     D:3: 79 daAuts
